Map: Tropical Sacrifice

Players

RiSkyZ (RiSky) - Winner!

  • Race: Zerg Zerg
  • Spawn Location: 1:00

Nice

  • Race: Protoss Protoss
  • League: Diamond
  • Spawn Location: 7:00

Event: HomeStory Cup XXII

VOD

Have the link to the VOD?

Description

Time

  • Played on: Dec. 15, 2022, 6:52 a.m.
  • Length: 29:39

All games in this series

Show
View Real Time Build Order
Export as new Build Order

RiSkyZ Zerg - Winner!

Build Orders: Hatch First, Lurkers 

Get SALT Encoding   

  12  0:00  Drone  
  13  0:12  Overlord  
  13  0:18  Drone  
  14  0:32  Drone x2  
  16  0:45  Drone  
  17  0:54  Hatchery  
  16  0:57  Drone  
  16  1:01  Drone  
  18  1:12  Extractor  
  18  1:16  Spawning Pool  
  16  1:19  Drone  
  16  1:22  Drone  
  18  1:30  Drone  
  19  1:38  Drone  
  20  1:50  Drone  
  21  2:00  Overlord  
  21  2:05  Queen  
  21  2:06  Queen  
  21  2:07  Zergling x2  
  26  2:12  Drone  
  27  2:16  Metabolic Boost  
  27  2:17  Drone  
  27  2:22  Drone  
  29  2:28  Drone  
  30  2:38  Hatchery  
  30  2:41  Zergling x2  
  30  2:47  Queen  
  32  2:52  Overlord  
  32  2:55  Drone  
  33  2:58  Drone  
  33  2:59  Drone  
  33  3:03  Drone  
  36  3:11  Overlord  
  36  3:13  Drone  
  36  3:14  Drone x2  
  36  3:17  Drone  
  40  3:25  Queen  
  40  3:26  Overlord  
  42  3:29  Zergling x4  
  44  3:35  Overlord  
  44  3:39  Overlord  
  44  3:42  Queen  
  46  3:49  Drone x2  
  46  3:50  Drone  
  46  3:52  Drone  
  46  3:53  Drone  
  51  3:56  Drone x2  
  51  4:01  Overlord  
  51  4:02  Drone  
  53  4:03  Drone  
  53  4:07  Overlord  
  54  4:11  Drone  
  54  4:15  Drone x3  
  54  4:16  Spore Crawler  
  57  4:19  Drone  
  57  4:21  Drone  
  57  4:22  Drone  
  60  4:25  Overlord  
  60  4:28  Drone  
  61  4:32  Queen  
  61  4:33  Drone  
  61  4:34  Drone  
  61  4:36  Drone  
  66  4:39  Drone  
  66  4:44  Spore Crawler  
  65  4:46  Drone  
  65  4:47  Spore Crawler, Drone x2  
  65  4:49  Zergling x2, Evolution Chamber  
  65  4:52  Zergling x4  
  69  4:56  Overlord  
  69  5:04  Drone x8  
  77  5:08  Extractor  
  77  5:09  Lair, Extractor  
  77  5:12  Drone x2  
  77  5:21  Zerg Melee Weapons Level 1  
  77  5:24  Hatchery  
  77  5:25  Drone x2  
  77  5:26  Drone  
  77  5:27  Drone x2  
  82  5:28  Zergling x2  
  82  5:35  Drone, Hatchery  
  81  5:36  Drone x3  
  81  5:38  Zergling x4, Extractor  
  81  5:42  Zergling x4  
  88  5:43  Zergling x4  
  88  5:47  Queen  
  92  5:51  Zergling x4  
  92  5:53  Overlord  
  94  5:57  Zergling x2  
  94  6:01  Zergling x6  
  97  6:04  Drone x2  
  97  6:07  Zergling x12  
  104  6:13  Hydralisk Den  
  104  6:16  Zergling x4  
  100  6:18  Zergling x2  
  100  6:21  Queen x2  
  100  6:22  Queen  
  107  6:26  Spine Crawler  
  107  6:27  Zergling x4  
  107  6:28  Spine Crawler  
  107  6:32  Zergling x10  
  112  6:36  Zergling x6  
  115  6:44  Zergling x10  
  113  6:48  Zergling x6  
  113  6:51  Zergling x2  
  114  6:56  Queen  
  114  6:57  Queen x2  
  116  7:02  Zergling x20  
  116  7:07  Queen x2  
  122  7:15  Zergling x10  
  122  7:21  Zergling x2  
  122  7:22  Zergling x4  
  120  7:26  Zergling x10  
  120  7:29  Grooved Spines  
  124  7:32  Zergling x2  
  121  7:38  Zergling x10, Zerg Melee Weapons Level 2  
  121  7:42  Zergling x2  
  121  7:43  Overlord x4  
  126  7:50  Queen  
  126  7:53  Hydralisk x2  
  126  7:57  Hydralisk x2  
  126  8:02  Hydralisk x7  
  138  8:08  Hydralisk x3  
  138  8:10  Zergling x2  
  138  8:12  Hydralisk  
  143  8:18  Hydralisk x4  
  150  8:22  Zergling x8  
  150  8:24  Zergling x4  
  147  8:32  Zergling x8  
  145  8:40  Muscular Augments, Hydralisk  
  145  8:41  Hydralisk  
  144  8:44  Zergling x2  
  144  8:45  Zergling x14  
  147  8:51  Queen x2  
  147  8:52  Zergling x6  
  153  8:59  Hydralisk x2  
  153  9:01  Queen x2  
  153  9:09  Zergling x12  
  153  9:16  Zergling x6  
  151  9:22  Zergling x8, Queen  
  155  9:26  Queen x2  
  155  9:31  Zergling x6  
  157  9:39  Queen x2  
  157  9:40  Spine Crawler  
  157  9:43  Zergling x6  
  153  10:08  Zergling x10  
  153  10:09  Overlord  
  151  10:19  Zergling x36  
  154  10:27  Extractor  
  153  10:28  Lurker Den  
  153  10:29  Zergling x6  
  153  10:31  Hydralisk x2  
  153  10:32  Zerg Missile Weapons Level 1  
  157  10:37  Hydralisk x3  
  157  10:38  Hydralisk  
  157  10:42  Overlord x3  
  164  10:45  Spine Crawler x2  
  164  10:46  Overlord  
  164  10:47  Overlord  
  162  10:50  Zergling x2  
  155  11:06  Zergling x6  
  155  11:07  Zergling x10  
  155  11:11  Zergling x4  
  147  11:16  Hydralisk x3  
  147  11:17  Hydralisk x2  
  157  11:24  Drone x3  
  157  11:25  Drone  
  161  11:26  Hatchery  
  161  11:28  Extractor x2  
  161  11:30  Extractor  
  157  11:34  Drone  
  157  11:36  Drone  
  157  11:38  Drone  
  149  11:52  Drone x3  
  150  11:54  Zergling x10, Infestation Pit  
  150  11:58  Drone  
  154  12:01  Overseer x2  
  154  12:06  Zergling x2  
  154  12:07  Zergling x12  
  161  12:13  Zergling x8  
  165  12:18  Zergling x6  
  165  12:19  Zergling x6  
  170  12:29  Zergling x6  
  173  12:35  Hive  
  173  12:38  Zergling x10  
  173  12:40  Zergling x2  
  173  12:41  Zergling x8  
  183  12:45  Zergling x10  
  182  12:51  Zergling x10  
  184  13:00  Zergling x8  
  180  13:20  Drone x9  
  180  13:22  Drone  
  184  13:36  Hatchery  
  181  13:55  Zergling x46  
  192  14:02  Zergling x4  
  182  14:08  Hydralisk  
  188  14:10  Viper x2  
  188  14:11  Viper x2  
  194  14:23  Lurker x9  
  184  14:32  Seismic Spines  
  184  14:35  Lurker  
  184  14:36  Lurker  
  176  14:46  Hydralisk x5  
  176  14:51  Hydralisk  
  188  14:57  Hydralisk x2  
  190  15:12  Hydralisk x7  
  192  15:18  Hydralisk x2  
  195  15:23  Hydralisk x2  
  196  15:30  Lurker  
  196  15:31  Lurker x6  
  200  15:40  Lurker  
  198  15:49  Hydralisk  
  179  16:06  Hydralisk x11  
  188  16:20  Zergling x2, Extractor  
  188  16:21  Zergling x20  
  197  16:33  Lurker x2  
  186  16:56  Zergling x2  
  186  16:57  Zergling x28  
  189  17:04  Hydralisk x3  
  189  17:05  Extractor  
  189  17:07  Lurker x5  
  199  17:36  Hydralisk x8  
  197  17:47  Overseer  
  197  17:48  Hydralisk  
  199  17:54  Spine Crawler  
  199  17:55  Spine Crawler  
  199  17:56  Spine Crawler  
  199  17:57  Lurker  
  197  18:02  Adaptive Talons, Zerg Missile Weapons Level 2  
  182  18:06  Hydralisk x8  
  190  18:24  Zergling x18  
  165  18:50  Hydralisk x15  
  162  19:06  Hydralisk x5  
  171  19:18  Hydralisk x5  
  178  19:28  Lurker x2  
  178  19:29  Lurker x5  
  185  19:34  Lurker x3  
  188  19:46  Hydralisk x3  
  170  20:12  Hydralisk x6  
  182  20:34  Overseer x2  
  180  20:38  Hatchery  
  169  20:46  Hydralisk x5  
  179  20:50  Overseer  
  179  21:03  Lurker x3  
  179  21:04  Lurker x2, Overlord  
  184  21:05  Overlord  
  184  21:25  Hatchery  
  183  21:26  Drone x5  
  183  21:27  Drone  
  163  21:47  Hydralisk x5  
  170  21:56  Lurker x3  
  170  21:57  Lurker x2  
  175  22:06  Hatchery  
  171  22:14  Hydralisk  
  171  22:15  Hydralisk x2  
  177  22:20  Lurker x3  
  177  22:21  Lurker  
  181  22:27  Hydralisk x2  
  185  22:31  Hydralisk  
  187  22:42  Hatchery  
  186  22:49  Drone x7  
  175  23:15  Hydralisk x3, Hatchery  
  180  23:34  Hydralisk, Hatchery  
  180  23:35  Hydralisk  
  180  23:40  Lurker x2  
  185  23:45  Hydralisk  
  184  24:07  Hydralisk x6  
  179  24:23  Hydralisk x3  
  151  24:27  Hydralisk  
  151  24:31  Lurker x2  
  144  24:38  Hydralisk  
  134  24:43  Overseer  
  136  24:47  Hydralisk x2  
  137  25:00  Drone  
  137  25:01  Drone x6  
  144  25:13  Hydralisk  
  144  25:14  Hydralisk x3  
  144  25:28  Extractor  
  144  25:29  Hydralisk x2, Extractor  
  144  25:30  Hydralisk  
  144  25:35  Zergling x10  
  147  26:03  Hydralisk x7  
  123  26:16  Hydralisk x3  
  126  26:25  Hydralisk x2  
  130  26:35  Hydralisk x2  
  129  26:45  Overseer  
  121  26:49  Hydralisk x2  
  121  26:50  Hydralisk  
  123  27:00  Spine Crawler  
  122  27:02  Hydralisk x2  
  121  27:13  Hydralisk x2  
  118  27:22  Hydralisk x3  
  118  27:25  Overseer  
  104  27:46  Hydralisk x5  
  111  27:54  Zergling x8  
  111  28:02  Lurker  
  111  28:03  Lurker  
  111  28:05  Zergling x8  
  117  28:17  Zergling x10  
  121  28:22  Overseer  
  116  28:34  Hatchery  
  111  28:37  Viper  
  109  28:42  Viper  
  109  28:48  Zergling x8  
  113  28:57  Zergling x8  
  113  29:01  Zergling x6  
  120  29:10  Zergling x8  
  124  29:17  Spine Crawler  
  124  29:19  Lurker x2  
Show
View Real Time Build Order
Export as new Build Order

Nice Protoss 

Build Orders: 1 Gate Expand, Oracle Opening 

Get SALT Encoding   

  12  0:00  Probe  
  13  0:12  Probe  
  14  0:20  Pylon  
  14  0:26  Probe  
  15  0:39  Probe (Chrono Boost)  
  15  0:41  Gateway  
  17  0:50  Probe (Chrono Boost)  
  17  0:52  Assimilator  
  17  0:55  Probe (Chrono Boost)  
  18  1:05  Probe  
  19  1:17  Probe  
  20  1:29  Nexus  
  20  1:39  Cybernetics Core  
  20  1:46  Assimilator  
  20  1:47  Probe  
  21  1:58  Pylon  
  21  1:59  Probe  
  22  2:09  Probe  
  22  2:13  Adept (Chrono Boost)  
  23  2:17  Probe  
  26  2:25  Probe  
  26  2:27  Stargate  
  27  2:34  Warp Gate  
  27  2:39  Probe (Chrono Boost)  
  27  2:43  Stalker  
  30  2:46  Probe (Chrono Boost)  
  32  2:55  Probe (Chrono Boost)  
  32  2:56  Probe (Chrono Boost)  
  33  3:00  Gateway  
  33  3:02  Probe x2  
  35  3:08  Oracle (Chrono Boost)  
  38  3:14  Probe  
  38  3:16  Probe  
  40  3:26  Probe  
  41  3:28  Probe  
  42  3:35  Pylon  
  42  3:37  Oracle (Chrono Boost)  
  42  3:38  Probe  
  46  3:53  Probe x2  
  48  3:57  Twilight Council  
  48  4:05  Probe  
  48  4:07  Probe  
  48  4:09  Assimilator  
  47  4:10  Assimilator  
  47  4:18  Probe  
  47  4:19  Probe  
  47  4:22  Stalker x2, Pylon  
  53  4:25  Pylon  
  53  4:30  Probe  
  54  4:31  Blink (Chrono Boost)  
  54  4:34  Nexus  
  54  4:35  Pylon  
  54  4:40  Probe  
  54  4:43  Probe  
  56  4:55  Gateway  
  56  4:58  Gateway  
  56  5:08  Gateway  
  56  5:10  Gateway  
  56  5:11  Gateway  
  56  5:14  Gateway  
  56  5:18  Stalker  
  58  5:22  Stalker  
  58  5:24  Probe  
  58  5:27  Probe  
  62  5:36  Probe  
  62  5:39  Probe  
  62  5:40  Pylon  
  64  5:46  Stalker x2  
  68  5:51  Stalker  
  70  5:58  Stalker  
  70  6:02  Stalker  
  72  6:07  Pylon  
  72  6:08  Pylon  
  72  6:10  Stalker  
  72  6:11  Stalker x2  
  78  6:22  Stalker x3  
  84  6:28  Gateway  
  84  6:32  Stalker  
  86  6:40  Stalker x2  
  86  6:53  Stalker x4  
  92  7:03  Pylon  
  92  7:05  Stalker x2  
  95  7:10  Stalker  
  97  7:25  Stalker  
  97  7:26  Stalker x4  
  107  7:42  Stalker x2  
  107  7:43  Stalker  
  111  7:59  Stalker x2  
  111  8:00  Stalker x3  
  121  8:10  Stalker  
  121  8:11  Stalker  
  125  8:13  Pylon  
  125  8:14  Pylon  
  115  8:30  Stalker x5  
  125  8:48  Stalker x2  
  125  8:49  Stalker  
  125  8:54  Stalker  
  125  8:55  Stalker x2  
  137  9:00  Stalker  
  133  9:16  Stalker x3  
  129  9:34  Robotics Facility  
  129  9:35  Probe x3  
  132  9:44  Zealot  
  134  9:46  Adept x3  
  134  9:47  Probe  
  141  9:56  Pylon  
  141  9:58  Probe x2  
  141  10:01  Pylon  
  141  10:02  Pylon  
  141  10:04  Pylon  
  142  10:14  Probe  
  142  10:16  Probe  
  142  10:18  Robotics Facility  
  133  10:21  Adept x3  
  133  10:22  Forge  
  133  10:24  Probe  
  133  10:26  Probe  
  133  10:28  Probe  
  140  10:37  Observer (Chrono Boost)  
  140  10:38  Robotics Bay  
  140  10:39  Probe x2  
  140  10:41  Assimilator x2  
  143  10:45  Stalker x2  
  139  10:57  Pylon  
  117  11:14  Stalker x6  
  117  11:15  Stalker x2  
  117  11:17  Protoss Ground Weapons Level 1 (Chrono Boost)  
  131  11:19  Shield Battery  
  131  11:25  Disruptor (Chrono Boost)  
  134  11:31  Disruptor (Chrono Boost), Extended Thermal Lance (Chrono Boost)  
  134  11:32  Probe  
  132  11:51  Colossus (Chrono Boost)  
  136  12:06  Charge  
  136  12:14  Nexus  
  136  12:22  Pylon  
  136  12:26  Pylon  
  136  12:27  Pylon  
  136  12:30  Pylon  
  136  12:35  Pylon  
  136  12:36  Colossus (Chrono Boost)  
  136  12:39  Probe x3  
  136  12:41  Colossus (Chrono Boost)  
  147  12:55  Stalker  
  147  12:56  Protoss Ground Weapons Level 2 (Chrono Boost), Stalker x5  
  159  13:08  Probe x2  
  159  13:09  Probe  
  162  13:13  Pylon  
  162  13:16  Pylon  
  162  13:20  Probe  
  162  13:21  Photon Cannon  
  162  13:22  Shield Battery  
  163  13:36  Colossus (Chrono Boost)  
  167  13:42  Zealot x5  
  167  14:03  Zealot x5  
  167  14:04  Zealot x2  
  167  14:06  Observer (Chrono Boost)  
  182  14:11  Probe x2  
  182  14:12  Probe x2  
  186  14:24  Zealot x5  
  186  14:25  Observer  
  186  14:28  Disruptor  
  200  14:40  Templar Archives  
  200  14:42  Pylon  
  200  14:44  Pylon  
  200  14:46  Gravitic Boosters (Chrono Boost)  
  200  14:47  Photon Cannon, Pylon  
  196  15:11  Assimilator  
  196  15:13  Pylon  
  196  15:15  Assimilator  
  196  15:19  High Templar x3  
  199  15:27  Archon  
  196  15:29  High Templar, Psionic Storm  
  196  15:30  High Templar  
  200  15:36  Protoss Ground Weapons Level 3 (Chrono Boost)  
  200  15:44  Nexus  
  200  15:46  Pylon  
  200  15:48  Photon Cannon, Pylon  
  153  16:05  Disruptor x2 (Chrono Boost)  
  137  16:13  Zealot  
  137  16:14  Zealot x5  
  137  16:16  Pylon  
  137  16:17  Pylon  
  149  16:32  Disruptor (Chrono Boost)  
  148  16:34  Disruptor (Chrono Boost)  
  148  16:35  Zealot x4  
  148  16:36  Zealot x3  
  148  16:59  High Templar x3  
  148  17:00  High Templar x4  
  162  17:04  Disruptor (Chrono Boost)  
  165  17:15  Disruptor (Chrono Boost)  
  160  17:21  Nexus  
  160  17:22  Pylon  
  160  17:23  Pylon  
  146  17:40  Disruptor x2 (Chrono Boost)  
  146  17:49  Stalker x5  
  146  17:50  Zealot x2  
  155  17:54  Photon Cannon x2  
  155  17:58  Photon Cannon  
  155  17:59  Photon Cannon  
  155  18:01  Photon Cannon  
  155  18:03  Shield Battery  
  155  18:04  Shield Battery  
  151  18:07  Disruptor (Chrono Boost), Pylon  
  151  18:08  Observer (Chrono Boost)  
  155  18:19  Zealot x7  
  169  18:27  Observer (Chrono Boost)  
  169  18:29  Assimilator  
  169  18:31  Assimilator  
  169  18:35  Disruptor (Chrono Boost)  
  169  18:40  Disruptor (Chrono Boost)  
  134  19:04  Zealot x7  
  134  19:06  Disruptor (Chrono Boost)  
  147  19:13  Disruptor (Chrono Boost)  
  147  19:25  Zealot x7  
  161  19:33  Disruptor (Chrono Boost)  
  164  19:39  Pylon  
  164  19:41  Disruptor  
  164  19:43  Nexus  
  167  19:46  High Templar x3  
  167  19:47  High Templar  
  168  20:09  Archon  
  168  20:10  Archon, High Templar  
  163  20:22  Assimilator  
  163  20:24  Disruptor (Chrono Boost)  
  163  20:28  Assimilator  
  160  20:29  Zealot x6  
  165  20:43  Observer (Chrono Boost)  
  165  20:56  Photon Cannon  
  165  20:58  Shield Battery  
  165  21:07  Nexus  
  165  21:08  Pylon  
  163  21:23  Templar Archives  
  163  21:24  Zealot x6  
  169  21:40  Disruptor (Chrono Boost)  
  169  21:44  Zealot x3  
  169  21:45  Zealot x3  
  177  21:53  Disruptor (Chrono Boost)  
  177  22:05  Zealot x2, High Templar  
  183  22:13  Probe  
  183  22:14  Probe x3  
  187  22:20  Disruptor (Chrono Boost)  
  190  22:25  Zealot  
  190  22:28  Disruptor (Chrono Boost)  
  179  22:47  Observer  
  179  22:48  High Templar  
  174  22:54  Zealot x3  
  174  23:05  Zealot, High Templar  
  178  23:16  Zealot x2  
  178  23:17  Zealot  
  178  23:21  Disruptor (Chrono Boost)  
  174  23:35  Disruptor (Chrono Boost)  
  174  23:37  Zealot x6  
  186  24:10  Zealot x4  
  135  24:31  Zealot  
  135  24:32  Zealot x4  
  125  24:55  Stalker  
  125  24:56  Robotics Facility, High Templar x2, Stalker x2  
  125  24:59  Robotics Facility  
  133  25:00  Probe  
  133  25:06  Gateway, Probe x4  
  138  25:07  Gateway  
  138  25:11  Shield Battery, Pylon  
  138  25:12  Probe, Pylon  
  139  25:18  Probe x2  
  141  25:24  Zealot x3  
  132  25:39  Pylon  
  132  25:40  Pylon  
  108  26:06  Disruptor x2 (Chrono Boost)  
  108  26:08  Zealot x4  
  108  26:09  Nexus, Zealot  
  99  26:12  Pylon  
  84  26:30  High Templar x3  
  84  26:31  Zealot x2  
  93  26:36  Disruptor x2 (Chrono Boost)  
  91  26:59  Stalker x2  
  93  27:02  Zealot x3  
  93  27:05  Disruptor (Chrono Boost), Zealot x2  
  78  27:17  Disruptor (Chrono Boost)  
  81  27:24  Zealot x5  
  81  27:28  High Templar x2  
  85  27:50  Disruptor (Chrono Boost)  
  83  28:01  Zealot x4  
  91  28:15  Disruptor (Chrono Boost)  
  86  28:48  Nexus  
  86  28:55  High Templar  
  86  29:02  High Templar  
  84  29:10  Zealot  
  84  29:13  Assimilator  
  86  29:21  Zealot  
Tags
 
Add a new tag
Caveats
  • Supply blocks, unpowered buildings, or Contaminate may cause inaccurate times.
  • Supply counts are checked every 10 seconds.